 Dungeon Crawl Stone Soup version 0.28-a0-1199-gef9e1dbd39 (webtiles) character file.

Game seed: 582540637987206034

0 Gargoyl the Skirmisher (level 1, 0/23 HPs)
             Began as a Gnoll Abyssal Knight on Dec 19, 2021.
             Was a Follower of Lugonu.
             Constricted to death by a starspawn tentacle (3 damage)
             ... attached to a tentacled starspawn
             ... on level 1 of the Abyss.
             The game lasted 00:00:23 (121 turns).

Gargoyl the Skirmisher (Gnoll Abyssal Knight)        Turns: 121, Time: 00:00:23

Health: 0/23       AC:  3    Str: 12    XL:     1   Next: 0%
Magic:  3/3        EV:  9    Int:  9    God:    Lugonu [*.....]
Gold:   6          SH:  0    Dex: 12    Spells: 0/0 levels left

rFire   . . .      SeeInvis .   a - +1 hand axe
rCold   . . .      Faith    .   (no shield)
rNeg    . . .      Spirit   .   b - +0 leather armour
rPois   .          Reflect  .   (no helmet)
rElec   .          Harm     .   (no cloak)
rCorr   .          Rampage  .   (no gloves)
Will    .....                   (no boots)
Stlth   +.........              (no amulet)
HPRegen 0.07/turn               (no ring)
MPRegen 0.08/turn               (no ring)

@: mighty, constricted
A: fangs 1, strong nose, distributed training
a: Renounce Religion, Depart the Abyss


You were on level 1 of the Abyss.
You worshipped Lugonu.
Lugonu was aware of your devotion.
You visited 0 branches of the dungeon, and saw 0 of its levels.
You visited the Abyss 1 time.

You collected 6 gold pieces.

Inventory:

Hand Weapons
 a - a +1 hand axe (weapon)
Armour
 b - a +0 leather armour (worn)


   Skills:
 + Level 6.4 Fighting
 + Level 0.0 Short Blades
 + Level 0.0 Long Blades
 + Level 4.4 Axes
 + Level 0.0 Maces & Flails
 + Level 0.0 Polearms
 + Level 0.0 Staves
 + Level 0.0 Slings
 + Level 0.0 Bows
 + Level 0.0 Crossbows
 + Level 0.0 Throwing
 + Level 4.4 Armour
 + Level 2.3 Dodging
 + Level 0.0 Stealth
 + Level 0.0 Shields
 + Level 0.0 Unarmed Combat
 + Level 0.0 Spellcasting
 + Level 0.0 Conjurations
 + Level 0.0 Hexes
 + Level 0.0 Summonings
 + Level 0.0 Necromancy
 + Level 0.0 Translocations
 + Level 0.0 Transmutations
 + Level 0.0 Fire Magic
 + Level 0.0 Ice Magic
 + Level 0.0 Air Magic
 + Level 0.0 Earth Magic
 + Level 0.0 Poison Magic
 + Level 4.4 Invocations
 + Level 0.0 Evocations


You couldn't memorise any spells.
You didn't know any spells.
Your spell library was empty.

Dungeon Overview and Level Annotations

Branches:
Dungeon (0/15)

Altars:


Innate Abilities, Weirdness & Mutations

You have very sharp teeth.
Your uncanny sense of smell can sniff out nearby items.
Your experience applies equally to all skills.


Message History

You hit the starspawn tentacle.
A starcursed mass comes into view.
The starspawn tentacle grabs you. The starspawn tentacle constricts you.
The orange demon barely misses you.
The orange demon hits you but does no damage.
Something loses its grip on you.
The starcursed mass moves out of view.
You hit the starspawn tentacle. You bite the starspawn tentacle.
The starspawn tentacle is severely damaged.
You hit the starspawn tentacle. The starspawn tentacle grabs you.
The starspawn tentacle constricts you. The orange demon barely misses you.
The starspawn tentacle loses its grip on you.
The tentacle pulls you backwards!
A starspawn tentacle segment comes into view.
The starspawn tentacle segment moves out of view.
A starspawn tentacle segment comes into view.
Unknown command.
You slash the starspawn tentacle!
The starspawn tentacle is severely damaged.
You hit the starspawn tentacle.
You hit the starspawn tentacle segment but do no damage.
The starspawn tentacle grabs you. The starspawn tentacle constricts you.
* * * LOW HITPOINT WARNING * * *
The orange demon stings you from afar.
* * * LOW HITPOINT WARNING * * *
Something loses its grip on you.
You hit the starspawn tentacle.
The starspawn tentacle is almost destroyed.
The starspawn tentacle grabs you. The starspawn tentacle constricts you.
* * * LOW HITPOINT WARNING * * *
The orange demon stings you but does no damage.
The starspawn tentacle loses its grip on you.
The tentacle pulls you backwards!
A tentacle flies out from the starspawn's body!
A starspawn tentacle comes into view.
You slash the starspawn tentacle!
You destroy the starspawn tentacle!
The orange demon closely misses you.
A tentacle flies out from the starspawn's body!
The starspawn tentacle grabs you. The starspawn tentacle constricts you.
You die...

. # #... .... . ...
...#... #... .#..#.. .⌠..
#.#...#...... .... . ....
.#.?.#.#... .#.. #.
#...##...#...⌠. . .#...#
..###.......∩.## ##......
.........4#.....#....w...
........#..#.#...#.# .
####....@w...... .. .....
#.##...│.#.#...##.. ...
#. ###.XZ.....#.X. # #
###w......... ###
###.......## [.
######.#... # # . . #.#..
# #... # #


You could see a tentacled starspawn, an orange demon, 2 starspawn tentacles and
an orc warlord skeleton.

Vanquished Creatures
  A starspawn tentacle (Abyss:1)
1 creature vanquished.

Vanquished Creatures (others)
  5 starspawn tentacles (Abyss:1)
5 creatures vanquished.

Grand Total: 6 creatures vanquished

Notes
Turn   | Place    | Note
-------+----------+-------------------------------------------
     0 | Abyss:1  | Gargoyl the Gnoll Abyssal Knight began the quest for the
                  | Orb.
     0 | Abyss:1  | Reached XP level 1. HP: 23/23 MP: 3/3
    72 | Abyss:1  | Noticed an orc warlord skeleton
    97 | Abyss:1  | Noticed a tentacled starspawn
   108 | Abyss:1  | Noticed an orange demon
   117 | Abyss:1  | Noticed a starcursed mass
   121 | Abyss:1  | Constricted to death by a starspawn tentacle

Illustrated notes

Levels and vault maps discovered:
Abyss:1:  base: Temple, base:
Temple

Action                   || total
-------------------------++-------
Melee: Hand axe          ||     6
       Bite              ||     1
  Use: Potion            ||     2
Armor: Leather armour    ||     2
Dodge: Dodged            ||     5

Table legend: (Time is in decaauts)
 A = Elapsed time spent in this place.
 B = Non-inter-level travel time spent in this place.
 C = Inter-level travel time spent in this place.
 D = Time resting spent in this place.
 E = Time spent auto-exploring this place.
 F = Levels seen in this place.
 G = Mean time per level.
                   A        B        C        D        E       F      G
               +--------+--------+--------+--------+--------+-----+--------+
         Total |    121 |    121 |      0 |      0 |     71 |   1 |  121.0 |
         Abyss |    121 |    121 |      0 |      0 |     71 |   1 |  121.0 |
               +--------+--------+--------+--------+--------+-----+--------+

Top non-repeatable levels by time:
 Abyss:1: 121 daAuts
